 Dungeon Crawl Stone Soup version 0.20.1-1-g8b1a95d (webtiles) character file.

123 tmwrnj the Chopper (level 5, 0/47 HPs)
             Began as a Hill Orc Fighter on Sept 30, 2017.
             Succumbed to an orc wizard's poison
             ... on level 2 of the Dungeon.
             The game lasted 00:04:19 (2020 turns).

tmwrnj the Chopper (Hill Orc Fighter)               Turns: 2020, Time: 00:04:21

Health: 0/47       AC:  8    Str: 20    XL:     5   Next: 7%
Magic:  5/5        EV: 12    Int:  8    God:
Gold:   97         SH: 10    Dex: 15    Spells: 4/4 levels left

rFire    . . .     SeeInvis .   a - +0 war axe
rCold    . . .     Gourm    .   c - +0 shield
rNeg     . . .     Faith    .   b - +0 scale mail
rPois    .         Spirit   .   (no helmet)
rElec    .         Reflect  .   (no cloak)
rCorr    .         Harm     .   q - +0 pair of gloves
MR       .....                  (no boots)
Stlth    +.........             (no amulet)
Regen    0.2/turn               (no ring)
MPRegen  0.1/turn               (no ring)

@: agile, lethally poisoned (0 -> -36), hasted, very quick
A: no striking features
a: no special abilities


You were on level 2 of the Dungeon.
You were not hungry.

You visited 1 branch of the dungeon, and saw 3 of its levels.

You collected 97 gold pieces.

Inventory:

Hand Weapons
 a - a +0 war axe (weapon)
Armour
 b - a +0 scale mail (worn)
 c - a +0 shield (worn)
 q - a +0 pair of gloves (worn)
 s - the +0 Maxwell's etheric cage {RegenMP+ *Contam rElec MP+4}
   (You took it off Robin on level 2 of the Dungeon)

   It insulates you from electricity.
   It affects your magic capacity (+4).
   It causes magical contamination when unequipped.
Scrolls
 e - a scroll of noise {unknown}
 j - 2 scrolls of fear {unknown}
 k - 2 scrolls of enchant weapon {unknown}
 l - a scroll of amnesia {unknown}
 p - a scroll of remove curse {unknown}
 r - 2 scrolls of blinking {unknown}
Potions
 d - a potion of might
 h - a potion of haste
 i - a potion of agility
 n - a potion of magic {unknown}
 o - a potion of degeneration {unknown}
Books
 m - a Grand Grimoire

   Spells                             Type                      Level
   a - Monstrous Menagerie            Summoning                    7
   b - Summon Greater Demon           Summoning                    7
   c - Malign Gateway                 Summoning/Translocation      7
   d - Summon Horrible Things         Summoning                    8
Comestibles
 f - 2 bread rations
 g - 3 meat rations


   Skills:
 + Level 4.3 Fighting
 + Level 4.6 Axes
 + Level 3.9 Armour
 + Level 0.4 Dodging
 + Level 0.1 Stealth
 + Level 4.0 Shields


You had 4 spell levels left.
You didn't know any spells.

Dungeon Overview and Level Annotations

Branches:
Dungeon (3/15)

Altars:
Elyvilon
Ru


Message History

You feel sick.
The orc wizard mumbles some strange words.
The orc wizard flickers and vanishes!
Deactivating autopickup; reactivate with Ctrl-A.
It was a potion of haste.
You feel yourself speed up.
* * * LOW HITPOINT WARNING * * *
You feel very sick. Something hits you but does no damage.
You are more poisoned.
It was a potion of agility.
You feel agile all of a sudden.
* * * LOW HITPOINT WARNING * * *
You feel sick. You block something's attack.
You hit something.
Reactivating autopickup.
Your Shields skill increases to level 4!
You have reached level 5!
You feel stronger.
You feel a bit more experienced.
You die...

.#.###.#.........# #....# #.# #.
..^....#.#.......# #....# #.###.
.#.......#.......# #....# #.#...
.#########.......###...)####.#.#.
......#...#+#####................
......#...#.#####....############
......#...#.....'.........#######
......#........##)>..#.####PP^.^#
......'........'@)...#....#....P#
......#........############^._P.#
................# #PP.P^#
####............### #PPP..# #
#..............# ###.### #
#...#..........# ###.#. #
#...#..........# #...#. #
#...#........### ###.#. #
######........# #.##.


There were no monsters in sight!

Vanquished Creatures
  An orc wizard (D:2)
  Robin (D:2)
  2 adders (D:2)
  A worm (D:2)
  A dart slug (D:2)
  2 leopard geckos
  An orc (D:2)
  12 hobgoblins
  2 jackals (D:2)
  9 kobolds
  A quokka (D:2)
  4 bats
  6 frilled lizards
  10 goblins
  8 rats
  A fungus (D:2)
62 creatures vanquished.

Notes
Turn   | Place    | Note
-------+----------+-------------------------------------------
     0 | D:1      | tmwrnj the Hill Orc Fighter began the quest for the Orb.
     0 | D:1      | Reached XP level 1. HP: 19/19 MP: 1/1
   103 | D:1      | Reached XP level 2. HP: 21/27 MP: 2/2
   536 | D:1      | Reached XP level 3. HP: 30/33 MP: 3/3
  1116 | D:2      | Found a white marble altar of Elyvilon.
  1371 | D:2      | Noticed Robin
  1379 | D:2      | Reached XP level 4. HP: 40/40 MP: 4/4
  1390 | D:2      | Killed Robin
  1577 | D:2      | Found a sacrificial altar of Ru.
  2019 | D:2      | HP: 2/40 [poisoned by an orc wizard]
  2020 | D:2      | Reached XP level 5. HP: 3/47 MP: 5/5
  2020 | D:2      | Succumbed to an orc wizard's poison

Skill      XL: |  1  2  3  4 |
---------------+-------------+-----
Fighting       | 4 |  4.3
Axes           | 3 4 |  4.6
Shields        | 4 |  4.0
Armour         | |  3.9
Dodging        | |  0.4
Stealth        | |  0.1

Action                   |  1- 3 |  4- 6 || total
-------------------------+-------+-------++-------
Melee: War axe           |   155 |    64 ||   219
  Use: Potion            |       |     2 ||     2
  Eat: Chunk             |     1 |     3 ||     4
Armor: Scale mail        |    76 |    27 ||   103
Dodge: Dodged            |    44 |    16 ||    60
Block: Shield            |    83 |    28 ||   111
